 Dungeon Crawl Stone Soup version 0.25-a0-413-g3b4b6a4ccc (webtiles) character file.

Game seed: 11888808103760069960, levelgen mode: deterministic

0 MrRokkomies the Ducker (level 1, -20/11 HPs)
             Began as a Spriggan Abyssal Knight on Jan 17, 2020.
             Was a Follower of Lugonu.
             Demolished by a small abomination (22 damage)
             ... on level 1 of the Abyss.
             The game lasted 00:00:27 (126 turns).

MrRokkomies the Ducker (Spriggan Abyssal Knight)     Turns: 126, Time: 00:00:28

Health: -20/11     AC:  2    Str:  8    XL:     1   Next: 0%
Magic:  3/3        EV: 18    Int: 13    God:    Lugonu [*.....]
Gold:   0          SH:  0    Dex: 15    Spells: 0/0 levels left

rFire    . . .     SeeInvis +   a - +1 short sword
rCold    . . .     Gourm    .   (shield restricted)
rNeg     . . .     Faith    .   b - +0 robe
rPois    .         Spirit   .   (helmet restricted)
rElec    .         Reflect  .   (no cloak)
rCorr    .         Harm     .   (gloves unavailable)
MR       .....                  (boots unavailable)
Stlth    +.........             (no amulet)
HPRegen  0.03/turn              (no ring)
MPRegen  0.08/turn              (no ring)

@: confused, very quick
A: very small, unfitting armour, see invisible, herbivore, speed 3, slow
metabolism 2
a: Depart the Abyss, Renounce Religion


You were on level 1 of the Abyss.
You worshipped Lugonu.
Lugonu was aware of your devotion.
You were not hungry.

You visited 0 branches of the dungeon, and saw 0 of its levels.
You visited the Abyss 1 time.

Inventory:

Hand Weapons
 a - a +1 short sword (weapon)
Armour
 b - a +0 robe (worn)
Potions
 d - a potion of lignification {unknown}
Comestibles
 c - a ration


   Skills:
 + Level 2.4 Fighting
 + Level 2.1 Short Blades
 + Level 3.5 Dodging
 + Level 1.7 Invocations


You couldn't memorise any spells.
You didn't know any spells.
Your spell library was empty.

Dungeon Overview and Level Annotations

Branches:
Dungeon (0/15)

Altars:


Innate Abilities, Weirdness & Mutations

You are very small and have problems with some larger weapons.
You are too small for most types of armour.
You have supernaturally acute eyesight. (SInv)
You are a herbivore.
You cover ground extremely quickly.
You need to consume almost no food.


Message History

The golden eye blinks at you.
You are confused.
The golden eye blinks at you. You resist with almost no effort.
A large abomination comes into view.
The golden eye turns its gaze towards you.
The golden eye blinks at you.
You easily resist.
You bump into the metal wall.
The golden eye blinks!
You bump into the metal wall.
The golden eye blinks at you.
You are more confused.
The golden eye blinks at you.
You are more confused.
The golden eye turns its gaze towards you.
You closely miss the golden eye. You miss the golden eye.
You miss the golden eye. The small abomination hits you!!
Ouch! That really hurt!
You die...

.. ... . #..###
.. #.....#
####...
.......##.......
.......#..#..#.
..#..#.#..ยง.#
## #?#G@X.#
#..##..xx.#
#.....##...# #
###..#..## #
.G.#....###.##
... ..#..#... #
..........#.##
...#...##... #
#. ## #....#. .
.#


You could see a large abomination, a worldbinder, a small abomination and a
golden eye.

Vanquished Creatures (others)
  2 starspawn tentacles (Abyss:1)
2 creatures vanquished.

Notes
Turn   | Place    | Note
-------+----------+-------------------------------------------
     0 | Abyss:1  | MrRokkomies the Spriggan Abyssal Knight began the quest for
                  | the Orb.
     0 | Abyss:1  | Reached XP level 1. HP: 11/11 MP: 3/3
    69 | Abyss:1  | Noticed a small abomination
    71 | Abyss:1  | Found an iron altar of Okawaru.
    86 | Abyss:1  | Found a viscous altar of Jiyva.
    90 | Abyss:1  | Noticed a worldbinder
    90 | Abyss:1  | Noticed a tentacled starspawn
    91 | Abyss:1  | Noticed a large abomination
    91 | Abyss:1  | Noticed a small abomination
    97 | Abyss:1  | Noticed a manticore
   112 | Abyss:1  | Noticed a golden eye
   119 | Abyss:1  | Noticed a large abomination
   126 | Abyss:1  | Demolished by a small abomination

Levels and vault maps discovered:
Abyss:1:  evilmike_abyss_exit_16

Action                   || total
-------------------------++-------
Melee: Short sword       ||     3

Table legend:
 A = Non-vault XP
 B = Vault XP
 C = Vault XP percentage of total XP
 D = Non-vault monster count
 E = Vault monster count
 F = Vault count percentage of total count
                 A         B        C        D         E       F
            +---------+---------+-------+---------+---------+-------
      Total |       0 |       0 |   N/A |       0 |       0 |  -nan
            +---------+---------+-------+---------+---------+-------
            +---------+---------+-------+---------+---------+-------
